 Dungeon Crawl Stone Soup version 0.31-a0-426-g3a05650e59 (webtiles) character file.

Game seed: 3521454722771637280

42 mopl the Ruffian (level 3, -3/27 HPs)
             Began as a Djinni Shapeshifter on July 30, 2023.
             Slain by an orc
             ... wielding a +0 mace
              (5 damage)
             ... on level 3 of the Dungeon.
             The game lasted 00:02:02 (1421 turns).

mopl the Ruffian (Djinni Shapeshifter)              Turns: 1421, Time: 00:02:03

Health: -3/27      AC:  2    Str: 16    XL:     3   Next: 77%
Gold:   116        EV: 12    Int:  9    God:
                   SH:  0    Dex: 13

rFire   + +          .
                       - Unarmed
rCold   x . .        (no shield)
rNeg    . . .        a - +0 animal skin
rPois   ∞            (helmet currently unavailable)
rElec   .            (cloak currently unavailable)
rCorr   .            (gloves currently unavailable)
SInv    .            (boots unavailable)
Will    .....        (no amulet)
Stlth   +            (no ring)
HPRegen 0.24/turn    (no ring)
MPRegen 0.00/turn

%: infuse magic (-4 HP)
@: beast-form, flying
A: beast (slay +2), flying, sickness immunity, fire resistance 2, cold
vulnerability 1, float, innate caster, HP casting, extra vitality 1
a: Begin Untransformation


You were on level 3 of the Dungeon.
You were a hulking beast.
You visited 1 branch of the dungeon, and saw 3 of its levels.

You collected 116 gold pieces.

Inventory:

Missiles
 n - 4 poisoned darts
Armour
 a - a +0 animal skin (worn)
 j - a scarf of repulsion
 k - a +1 pair of gloves
Magical Staves
 h - the staff "Ehatucro" {Int+4 Earth}
   (You found it on level 2 of the Dungeon)

   [staff of earth]

   Base accuracy: +5 Base damage: 5 Base attack delay: 1.2 This weapon's minimum
   attack delay (0.6) is reached at skill level 12.
   Int:       It affects your intelligence (+4).
   Earth:     It increases the power of your Earth spells.
   It falls into the 'Staves' category.
   It is a one-handed weapon.
Talismans
 c - a beast talisman (active)
Scrolls
 d - a scroll of fog {unknown}
 e - 2 scrolls of identify
 g - 2 scrolls of amnesia {unknown}
 m - a scroll of immolation {unknown}
 o - 3 scrolls of blinking {unknown}
Potions
 b - a potion of lignification {!q}
 f - 2 potions of curing
 i - a potion of brilliance
 l - 3 potions of might


   Skills:
 + Level 1.5 Fighting
 + Level 2.6 Dodging
 * Level 3.5 Unarmed Combat
 * Level 3.0 Shapeshifting


You knew the following spells:

 Your Spells              Type           Power      Damage    Failure   Level
a - Sting                 Tmut/Pois      0%         1d3       38%         1
Your spell library was empty.

Dungeon Overview and Level Annotations

Branches:
Dungeon (3/15)

Altars:

Shops:
D:2 [   D:3 (


Innate Abilities, Weirdness & Mutations

You are a hulking beast.
Your limbs bulge with bestial killing power. (Slay +2)
You are flying.
You are immune to sickness and miasma.
You are immune to poison.
Your flesh is very heat resistant. (rF++)
You are vulnerable to cold. (rC-)
You float through the air rather than walking.
You learn spells naturally, not from books.
Your magical power is your life essence.
You have superior vitality. (+4 MHP)


Message History

l - 3 potions of might (gained 2)
There is an entrance to Nylurer's Weapon Shoppe here.
HP restored.
o - 3 scrolls labelled ROUTHA DETUOQE An orc priest comes into view.
It is wielding a +0 flail.
The orc priest shouts!
An orc comes into view. It is wielding a +0 falchion.
The orc shouts!
An orc comes into view. It is wielding a +0 mace.
An orc wizard comes into view. It is wielding a +0 dagger.
The orc shouts!
You hear a shout! x2
The orc priest looks satisfied for a moment.
You start waiting.
An orc priest is nearby!
The orc priest mumbles some strange prayers to Beogh against you.
Pain shoots through your body!
The orc priest hits you with a +0 flail.
You barely miss the orc priest. You hit the orc wizard.
The orc wizard is moderately wounded.
The orc priest begins to cast a cantrip, but forgets the words!
The orc wizard closely misses you.
You hit the orc priest.
The orc priest is lightly wounded.
The orc priest closely misses you. The orc hits you with a +0 falchion.
The orc wizard hits you with a +0 dagger.
You punch the orc priest!
The orc priest is severely wounded.
The orc priest hits you with a +0 flail!
An orc comes into view. It is wielding a +0 whip.
The orc wizard hits you with a +0 dagger.
The orc hits you with a +0 falchion.
* * * LOW HITPOINT WARNING * * *
The orc hits you with a +0 mace.
* * * LOW HITPOINT WARNING * * *
The orc priest misses you. The orc hits you with a +0 falchion.
* * * LOW HITPOINT WARNING * * *
Unknown command.
The orc attacks as you move away! The orc hits you with a +0 mace.
You die...

### ..# ## #####.##
... ......
.#.####.##.#
........##.#####.#
..................
#........oo.######
#####..##oh.......
####..##o#.######
#.....##o#.##
#.o.....∩...##
..o...o...........#
#...##.....##.#..##
... o...........>#
#. ##.##..##.#...#
..........#...#


You could see an orc priest, an orc wizard and 3 orcs.

Vanquished Creatures
  A dart slug (D:1)
  A ball python (D:1)
  2 endoplasms (D:1)
  2 giant cockroaches
  3 goblins
  4 hobgoblins
  6 jackals
  2 quokkas (D:1)
  6 bats
  A frilled lizard (D:1)
  3 kobolds
  4 rats (D:1)
35 creatures vanquished.

Notes
Turn   | Place    | Note
-------+----------+-------------------------------------------
     0 | D:1      | mopl the Djinni Shapeshifter began the quest for the Orb.
     0 | D:1      | Reached XP level 1. HP: 17/17 MP: 0/0
    96 | D:1      | Reached XP level 2. HP: 21/22 MP: 0/0
   373 | D:1      | Reached XP level 3. HP: 24/27 MP: 0/0
   373 | D:1      | Learned a level 1 spell: Sting
   437 | D:1      | Reached skill level 3 in Shapeshifting
   524 | D:1      | Found a faded altar of an unknown god.
   869 | D:2      | Identified the staff "Ehatucro" {Int+4 Earth}
   873 | D:2      | Found Cecoyl's Antique Armour Shoppe.
  1379 | D:3      | Found Nylurer's Weapon Shoppe.
  1421 | D:3      | Slain by an orc

Illustrated notes

Levels and vault maps discovered:
D:1:      dpeg_arrival_rhombi, layout_loops_cross,
          ebering_ecumenical_altar_hall, minmay_misc_feat_columns
D:2:      layout_rooms, serial_shops, nicolae_shop_stone
D:3:      layout_basic, serial_shops, shop, nicolae_shop_hallway_plus, shop,
          shop, kennysheep_cross_bottleneck, uniq_terence

Skill      XL: |  1  2  3 |
---------------+----------+-----
Shapeshifting  | 3 |  3.0
Fighting       | |  1.5
Dodging        | |  2.6
Unarmed Combat | |  3.5

Action                     || total
---------------------------++-------
  Melee: Unarmed           ||   105
         Punch             ||     1
    Use: Scroll            ||     3
   Stab: Sleeping          ||     2
 Armour: Animal skin       ||    25
  Dodge: Dodged            ||    71

Table legend: (Time is in decaauts)
 A = Elapsed time spent in this place.
 B = Non-inter-level travel time spent in this place.
 C = Inter-level travel time spent in this place.
 D = Time resting spent in this place.
 E = Time spent auto-exploring this place.
 F = Levels seen in this place.
 G = Mean time per level.
                   A        B        C        D        E       F      G
               +--------+--------+--------+--------+--------+-----+--------+
         Total |   1414 |   1233 |    181 |     37 |    940 |   3 |  471.3 |
       Dungeon |   1414 |   1233 |    181 |     37 |    940 |   3 |  471.3 |
               +--------+--------+--------+--------+--------+-----+--------+

Top non-repeatable levels by time:
     D:1: 850 daAuts
     D:2: 485 daAuts
     D:3: 79 daAuts
